 Dungeon Crawl Stone Soup version 0.23-b1-6-ga921848 (webtiles) character file.

Game seed: 17978861621695101584

467 Kairos the Chopper (level 7, -6/36 HPs)
             Began as a Vine Stalker Fighter on Feb 2, 2019.
             Mangled by an orc warrior
             ... wielding a +0 mace
              (18 damage)
             ... on level 7 of the Dungeon.
             The game lasted 00:03:45 (2676 turns).

Kairos the Chopper (Vine Stalker Fighter)           Turns: 2676, Time: 00:03:46

Health: -6/36      AC:  9    Str: 26    XL:     7   Next: 8%
Magic:  0/8        EV:  8    Int:  8    God:
Gold:   88         SH: 10    Dex: 16    Spells: 6/6 levels left

rFire    . . .     SeeInvis .   a - +0 war axe
rCold    . . .     Gourm    .   c - +0 shield
rNeg     . . .     Faith    .   b - +0 scale mail
rPois    +         Spirit   +   (no helmet)
rElec    .         Reflect  .   u - +0 cloak
rCorr    .         Harm     .   (no gloves)
MR       .....                  m - +0 pair of boots
Stlth    ..........             (no amulet)
HPRegen  0.52/turn              k - ring of poison resistance
MPRegen  0.11/turn              q - +3 ring of dexterity

@: mighty
A: fangs 2, regeneration 1, magic shield, antimagic bite, no potion heal 3, rot
immunity
a: no special abilities


You were on level 7 of the Dungeon.
You were not hungry.

You visited 1 branch of the dungeon, and saw 5 of its levels.

You collected 88 gold pieces.

Inventory:

Hand Weapons
 a - a +0 war axe (weapon)
Armour
 b - a +0 scale mail (worn)
 c - a +0 shield (worn)
 m - a +0 pair of boots (worn)
 u - a +0 cloak (worn)
Jewellery
 k - a ring of poison resistance (left hand)
 q - a +3 ring of dexterity (right hand)
Scrolls
 g - 2 scrolls of fog
 i - a scroll of fear
 j - 2 scrolls of magic mapping
 n - a scroll of amnesia
 o - a scroll of blinking
 p - a scroll of random uselessness
 s - a scroll of teleportation
 x - a scroll of remove curse
Potions
 d - a potion of might
 e - a potion of lignification {unknown}
 h - 2 potions of curing {unknown}
 l - a potion of flight {unknown}
 r - 2 potions of agility {unknown}
 w - a potion of magic {unknown}
Comestibles
 f - 6 rations


   Skills:
 + Level 3.1 Fighting
 * Level 4.7 Axes
 + Level 3.4 Armour
 + Level 1.4 Dodging
 + Level 0.5 Stealth
 + Level 3.8 Shields


You had 6 spell levels left.
You didn't know any spells.
Your spell library was empty.

Dungeon Overview and Level Annotations

Branches:
Dungeon (4/15)
 Temple: D:4-7

Altars:
Ashenzari


Innate Abilities, Weirdness & Mutations

You have extremely sharp teeth.
Your natural rate of healing is unusually fast.
When hurt, damage is shared between your health and your magic reserves.
Your bite disrupts and absorbs the magic of your enemies.
Potions cannot restore your health.
You are immune to rotting.


Message History

The orc warrior hits you with a +0 mace!
The orc warrior hits you but does no damage.
Unknown command.
You slash the orc warrior! Your bite misses the orc warrior.
The orc warrior is heavily wounded.
You hit the orc. The orc hits you. You block the orc warrior's attack.
Unknown command.
You slash the orc!
You kill the orc!
You hit the orc warrior. You block the orc warrior's attack.
You hit the orc warrior but do no damage.
The orc warrior is heavily wounded.
You hit the orc wizard. You block the orc wizard's attack.
The orc warrior hits you with a +0 mace!
The orc wizard closely misses you.
Unknown command.
You feel very mighty all of a sudden.
The orc warrior hits you with a +0 mace!!
Ouch! That really hurt!
You die...

.. ... #. #.# .. #.#
###.###.# #..<....#
#..#.o####
#.#....o@..#
.......o##.#
#.#..#..##.#
#.......##.#
###....)##.####.####
#.....##...†.....#
.......##########..
#.#.....# #....#..#


You could see an orc warrior, an orc wizard and an orc.

Vanquished Creatures
  A hippogriff (D:7)
  An orc priest (D:7)
  An iguana (D:4)
  A worker ant (D:4)
  7 gnolls
  6 adders
  An ooze (D:3)
  2 worms (D:2)
  2 dart slugs
  3 leopard geckos
  5 orcs
  7 giant cockroaches
  3 goblins (D:3)
  9 hobgoblins
  3 kobolds (D:2)
  2 ball pythons
  11 bats
  5 frilled lizards
  6 rats
76 creatures vanquished.

Notes
Turn   | Place    | Note
-------+----------+-------------------------------------------
     0 | D:1      | Kairos the Vine Stalker Fighter began the quest for the
                  | Orb.
     0 | D:1      | Reached XP level 1. HP: 11/11 MP: 2/2
   416 | D:1      | Reached XP level 2. HP: 16/16 MP: 3/3
   559 | D:1      | Reached skill level 2 in Axes
   836 | D:2      | Reached XP level 3. HP: 13/19 MP: 4/4
  1108 | D:2      | Found a shattered altar of Ashenzari.
  1169 | D:2      | Gained mutation: Your natural rate of healing is unusually
                  | fast. [Vine Stalker growth]
  1169 | D:2      | Reached XP level 4. HP: 19/23 MP: 5/5
  1566 | D:3      | Reached skill level 3 in Axes
  1606 | D:3      | Reached XP level 5. HP: 27/28 MP: 6/6
  2110 | D:3      | Reached skill level 1 in Dodging
  2204 | D:4      | Reached skill level 4 in Axes
  2247 | D:4      | Reached XP level 6. HP: 32/32 MP: 7/7
  2612 | D:4      | You fall through a shaft for 3 floors!
  2619 | D:7      | Noticed a hippogriff
  2630 | D:7      | Killed a hippogriff
  2630 | D:7      | Reached XP level 7. HP: 18/36 MP: 4/8
  2676 | D:7      | Mangled by an orc warrior

Skill      XL: |  1  2  3  4  5 |
---------------+----------------+-----
Axes           | 2 3 4 |  4.7
Shields        | 3 |  3.8
Dodging        | 1 |  1.4
Fighting       | 3 |  3.1
Armour         | 3 |  3.4
Stealth        | |  0.5

Action                   |  1- 3 |  4- 6 |  7- 9 || total
-------------------------+-------+-------+-------++-------
Melee: War axe           |    87 |   109 |     8 ||   204
       Bite              |    22 |    44 |     4 ||    70
  Use: Scroll            |       |     8 |       ||     8
       Potion            |       |       |     1 ||     1
  Eat: Chunk             |       |     6 |       ||     6
Armor: Scale mail        |    45 |    78 |     1 ||   124
Dodge: Dodged            |    33 |    49 |     2 ||    84
Block: Shield            |    51 |    67 |     5 ||   123
